 Dungeon Crawl Stone Soup version 0.20.1-1-g8b1a95d (webtiles) character file.

102 Inarius the Grave Robber (level 4, -1/31 HPs)
             Began as a Demonspawn Necromancer on July 5, 2017.
             Slain by a gnoll
             ... wielding a +0 halberd
              (8 damage)
             ... on level 2 of the Dungeon.
             The game lasted 00:05:47 (1416 turns).

Inarius the Grave Robber (Demonspawn Necromancer)   Turns: 1416, Time: 00:05:48

Health: -1/31      AC:  5    Str:  9    XL:     4   Next: 49%
Magic:  4/8        EV: 10    Int: 22    God:
Gold:   111        SH:  0    Dex: 13    Spells: 0/8 levels left

rFire    . . .     SeeInvis .   g - +1 dagger (pain)
rCold    . . .     Gourm    .   (no shield)
rNeg     . . .     Faith    .   k - +0 ring mail
rPois    .         Spirit   .   (helmet restricted)
rElec    .         Reflect  .   (no cloak)
rCorr    .         Harm     .   (no gloves)
MR       .....                  (no boots)
Stlth    ++........             (no amulet)
Regen    0.1/turn               (no ring)
MPRegen  0.2/turn               (no ring)

@: brilliant
A: antennae 1, nightstalker 1
a: no special abilities


You were on level 2 of the Dungeon.
You were not hungry.

You visited 1 branch of the dungeon, and saw 2 of its levels.

You collected 111 gold pieces.

Inventory:

Hand Weapons
 d - a +0 whip
 g - a +1 dagger of pain (weapon)
Armour
 k - a +0 ring mail (worn)
Scrolls
 e - 2 scrolls of teleportation {unknown}
 l - a scroll of fear {unknown}
 m - a scroll of remove curse {unknown}
Potions
 a - a potion of berserk rage {unknown}
 i - a potion of heal wounds {unknown}
 j - 2 potions of lignification {unknown}
Books
 b - a book of Necromancy

   Spells                             Type                      Level
   a - Pain                           Necromancy                   1
   b - Animate Skeleton               Necromancy                   1
   c - Vampiric Draining              Necromancy                   3
   d - Regeneration                   Charms/Necromancy            3
   e - Animate Dead                   Necromancy                   4
   f - Control Undead                 Necromancy                   4
Comestibles
 c - 2 bread rations
 f - 11 chunks of flesh
 n - a meat ration
 o - a royal jelly


   Skills:
 + Level 0.4 Fighting
 + Level 0.6 Short Blades
 * Level 1.8 Armour
 + Level 2.0 Dodging
 - Level 1.7 Stealth
 + Level 2.6 Spellcasting
 + Level 5.1 Necromancy


You couldn't memorise any spells.
You knew the following spells:

 Your Spells              Type           Power        Failure   Level  Hunger
a - Pain                  Necr           ####         1%          1    None
b - Animate Skeleton      Necr           N/A          1%          1    None
c - Vampiric Draining     Necr           #####.....   1%          3    ###....
d - Regeneration          Chrm/Necr      ####......   4%          3    ###....


Dungeon Overview and Level Annotations

Branches:
Dungeon (2/15)

Altars:


Innate Abilities, Weirdness & Mutations

You have a pair of small antennae on your head.
You are slightly more attuned to the shadows.


Message History

The stone hits your leopard gecko skeleton.
Your leopard gecko skeleton is destroyed!
The gnoll hits Terence with a spear.
Terence is destroyed!
The frilled lizard bites you.
Casting: Pain
Confirm with . or Enter, or press ? or * to list all spells.
Aiming: Pain
Press: ? - help, Shift-Dir - straight line, f - gnoll
Aim: a gnoll, wielding a halberd (chance to defeat MR: 84%)
The gnoll writhes in agony!
The goblin shoots a stone.
The stone hits you.
The frilled lizard bites you but does no damage.
The goblin shoots a stone.
The stone hits you.
* * * LOW HITPOINT WARNING * * *
You see here a stone.
It was a potion of brilliance.
You feel clever all of a sudden. The frilled lizard closely misses you.
The gnoll hits you from afar with a halberd!
You die...

...).....#####....####..
.........# #.#....#.##
.........## #.........
..........######.......
.....................#
....<....#######.....#
#######..### #...$.##.
...........## ##.l(.))..#
......>.....###.@.gg......
.................##g......
###...........(..##.......
##............#..........
#...........(....#.......
##...........(..รท##.......
#...#........)...##.......
...............)........#####
.............###.#..........#


You could see 2 gnolls, a goblin and a frilled lizard.

Vanquished Creatures
  Terence (D:2)
  A gnoll (D:2)
  3 adders
  5 leopard geckos
  5 bats
  A giant cockroach (D:1)
  5 goblins
  2 hobgoblins
  A quokka (D:1)
  2 frilled lizards
  3 kobolds (D:2)
  5 rats (D:1)
34 creatures vanquished.

Vanquished Creatures (collateral kills)
  A gnoll (D:2)
  A dart slug (D:2)
  A goblin (D:1)
  A bat (D:2)
  2 kobolds
6 creatures vanquished.

Grand Total: 40 creatures vanquished

Notes
Turn   | Place    | Note
-------+----------+-------------------------------------------
     0 | D:1      | Inarius the Demonspawn Necromancer began the quest for the Orb.
     0 | D:1      | Reached XP level 1. HP: 13/13 MP: 3/3
    34 | D:1      | Learned a level 1 spell: Animate Skeleton
   225 | D:1      | Gained mutation: You have a pair of small antennae on your head. [demonic ancestry]
   225 | D:1      | Reached XP level 2. HP: 17/19 MP: 5/5
  1064 | D:1      | Reached XP level 3. HP: 22/24 MP: 6/6
  1085 | D:2      | Reached skill level 5 in Necromancy
  1120 | D:2      | Learned a level 3 spell: Vampiric Draining
  1151 | D:2      | Reached skill level 1 in Armour
  1218 | D:2      | Noticed Terence
  1251 | D:2      | Killed Terence
  1251 | D:2      | Gained mutation: You are slightly more attuned to the shadows. [demonic ancestry]
  1251 | D:2      | Reached XP level 4. HP: 22/30 MP: 0/7
  1328 | D:2      | Learned a level 3 spell: Regeneration
  1416 | D:2      | Slain by a gnoll

Skill      XL: |  1  2  3 |
---------------+----------+-----
Dodging        | 2 |  2.0
Necromancy     | 5 |  5.1
Armour         | 1 |  1.8
Fighting       | |  0.4
Short Blades   | |  0.6
Stealth        | |  1.7
Spellcasting   | |  2.6

Action                   |  1- 3 |  4- 6 || total
-------------------------+-------+-------++-------
Melee: Whip              |    10 |       ||    10
       Dagger            |    62 |    17 ||    79
 Cast: Pain              |    11 |     3 ||    14
       Animate Skeleton  |    19 |     3 ||    22
       Vampiric Draining |     2 |       ||     2
  Use: Potion            |       |     1 ||     1
 Stab: Sleeping          |     1 |       ||     1
  Eat: Chunk             |     2 |       ||     2
Armor: Ring mail         |    31 |     6 ||    37
Dodge: Dodged            |    58 |    15 ||    73
